 Dungeon Crawl Stone Soup version 0.31.0-11-ge490571c62 (webtiles) character file.

Game seed: 7109617469152996884

3140 dialectric the Protected (level 9, -8/112 HPs)
             Began as a Minotaur Fighter on Jan 31, 2024.
             Was a High Priest of Elyvilon.
             Succumbed to poison (dark miasma)
             ... in a bailey.
             The game lasted 00:09:35 (6664 turns).

dialectric the Protected (Minotaur Fighter)         Turns: 6664, Time: 00:09:36

Health: -8/112     AC: 41    Str: 23    XL:     9   Next: 61%
Magic:  0/8        EV:  8    Int:  5    God:    Elyvilon [*****.]
Gold:   271        SH:  0    Dex: 12    Spells: 8/8 levels left

rFire   . . .        A - +0 flail (protect)
rCold   . . .        (no shield)
rNeg    . . .        H - +15 Maxwell's patent armour {-Cast -Tele rElec Will+ rCorr}
rPois   .            (helmet restricted)
rElec   +            (no cloak)
rCorr   +            (no gloves)
SInv    .            (no boots)
Will    +....        n - amulet of guardian spirit Stlth
                     y - +4 ring of protection
HPRegen 0.38/turn    G - ring of flight
MPRegen 0.11/turn

%: no teleportation, no spellcasting, guardian spirit
@: berserking, lethally poisoned (-8 -> -63), under a protective aura, flying,
slowed
A: horns 2, retaliatory headbutt
a: Renounce Religion, Purification, Heal Other, Heal Self, Divine Vigour


You were in a bailey.
You worshipped Elyvilon.
Elyvilon was extremely pleased with you.
You visited 1 branch of the dungeon, and saw 8 of its levels.
You also visited: Sewer and Bailey.

You collected 271 gold pieces.

Inventory:

Hand Weapons
 a - a +0 flail
 A - a +0 flail of protection (weapon)
Missiles
 D - 9 poisoned darts (quivered)
Armour
 b - a +0 scale mail
 c - a +0 buckler
 x - a +0 kite shield
 B - a +0 chain mail of willpower
 E - +0 steam dragon scales
 H - the +15 Maxwell's patent armour (worn) {-Cast -Tele rElec Will+ rCorr}
   (You found it in a bailey)

   rElec:     It insulates you from electricity.
   Will+:     It increases your willpower.
   -Cast:     It prevents spellcasting.
   -Tele:     It prevents most forms of teleportation.
   rCorr:     It protects you from acid and corrosion.
 I - the +0 cloak of the Monkey's Uncle {rPois rCorr}
   (You found it in a bailey)

   rPois:     It protects you from poison rCorr: It protects you from acid and
   corrosion.
Jewellery
 n - an amulet of guardian spirit (around neck)
 y - a +4 ring of protection (left hand)
 G - a ring of flight (right hand)
Wands
 h - a wand of polymorph (7)
 m - a wand of quicksilver (2)
 q - a wand of flame (2)
Scrolls
 e - 2 scrolls of teleportation
 i - a scroll of noise
 p - a scroll of acquirement {unknown}
 r - a scroll of blinking {unknown}
 t - 6 scrolls of enchant weapon {unknown}
 v - 3 scrolls of fog {unknown}
 w - a scroll of fear {unknown}
 z - a scroll of poison {unknown}
 C - a scroll of identify
Potions
 d - 2 potions of heal wounds
 f - 5 potions of curing
 g - 4 potions of brilliance
 j - a potion of cancellation {unknown}
 k - a potion of enlightenment {unknown}
 l - 4 potions of attraction
 s - a potion of ambrosia
 u - 2 potions of degeneration {unknown}
 F - a potion of might


   Skills:
 - Level 6.2 Fighting
 + Level 10.0 Maces & Flails
 * Level 11.0 Armour
 - Level 4.1 Dodging
 - Level 4.1 Shields
 + Level 1.6 Evocations


You had 8 spell levels left.
You didn't know any spells.
Your spell library contained the following spells:

 Spells                   Type           Power      Damage    Failure   Level
 Kiss of Death            Conj/Necr      0%         2d5       99%         1
 Magic Dart               Conj           0%         1d3       99%         1
 Blink                    Tloc           0%         N/A       100%        2
 Call Imp                 Summ           0%         N/A       100%        2
 Jinxbite                 Hex            0%         N/A       100%        2
 Static Discharge         Conj/Air       0%         3-3/arc   100%        2
 Confusing Touch          Hex            0%         N/A       100%        3
 Airstrike                Air            0%         2d(0-16)  100%        4
 Dispel Undead            Necr           0%         3d6       100%        4
 Summon Lightning Spire   Summ/Air       0%         N/A       100%        4
 Yara's Violent Unravell  Hex/Alch       0%         3d3       100%        5
 Enfeeble                 Hex            0%         N/A       100%        7


Dungeon Overview and Level Annotations

Branches:
Dungeon (8/15)             Temple (0/1) D:5           Sewer (visited)
 Bailey (1/1)
   Lair: D:8-11

Altars:
Dithmenos
Elyvilon
Makhleb
Qazlal


Innate Abilities, Weirdness & Mutations

You have a pair of horns on your head.
You reflexively headbutt those who attack you in melee.


Message History

The death drake is moderately wounded.
The death drake bites you but does no damage.
You closely miss the death drake.
The death drake is moderately wounded.
The death drake bites you but does no damage. x2
You closely miss the death drake. You headbutt the death drake!
The death drake is heavily wounded.
The death drake bites you but does no damage.
You bludgeon the death drake!!
Your weapon exudes an aura of protection.
The death drake is severely wounded.
The death drake bites you but does no damage.
You hit the death drake.
The death drake is almost dead.
The death drake breathes miasma at you.
The foul vapour engulfs you but does no damage.
You closely miss the death drake.
The death drake is almost dead.
You are engulfed in dark miasma.
You are lethally poisoned!
* * * LOW HITPOINT WARNING * * *
x2 You feel very sick.
The death drake bites you.
* * * LOW HITPOINT WARNING * * *
You hit the death drake but do no damage.
The death drake is almost dead.
You are engulfed in dark miasma.
You are more poisoned.
Elyvilon protects you from harm! x2
The death drake bites you but does no damage.
The death drake barely misses you. You furiously retaliate!
You headbutt the death drake.
Unknown command.
You barely miss the death drake. You headbutt the death drake!
You kill the death drake!
You are engulfed in dark miasma.
You are more poisoned.
You feel as though you will be slow longer.
Elyvilon protects you from harm!
You die...

##..~~~~~~~..##
##..~~.....~~..##
##########..~)..###..~~..##
#..........~~..## ##))))...
#.~~~~~~~~~~..##.∩.##..~~~~
#.~......)...##.....##)....
#.~.#############+###'#####
#.~.##..°°°##.......§.##
#.~..##.°°@#..§≈≈≈≈≈≈§.##
#.~~..##°##°°≈§....)§§..##
##.~~..# #.°....⌠∩⌠..§...#
#∩.~~..#+#..§§...⌠...§≈..#
#.~~..##.##..≈≈.....≈≈..+#
#.~).##.$.##..§§≈.≈≈≈§.##
#.).##.$$$.##.........##
#.~.#############'#####
#.)..)....... #.....#


There were no monsters in sight!

Vanquished Creatures
  A death drake (Bailey)
  A troll (D:7)
  A yak (D:5)
  A wyvern (D:6)
  A steam dragon (D:8)
  A water moccasin (D:7)
  4 orc warriors
  2 ice beasts
  A sky beast (D:7)
  A crocodile (Sewer)
  2 ogres
  A brain worm (Sewer)
  2 kobold brigands
  3 bullfrogs (D:8)
  3 scorpions
  2 howler monkeys
  The ghost of player the Shooter, a weakling DEHu (D:4)
  A bombardier beetle (D:5)
  7 hounds
  A jelly (D:4)
  3 orc priests
  3 iguanas
  3 orc wizards
  3 gnolls (D:2)
  11 adders
  3 river rats (Sewer)
  A shadow imp (D:6)
  3 dart slugs
  A ribbon worm (D:2)
  26 orcs
  4 ball pythons
  6 endoplasms
  7 giant cockroaches
  5 goblins
  7 hobgoblins
  4 jackals (D:1)
  3 quokkas (D:5)
  5 bats
  4 frilled lizards
  9 kobolds
  8 rats
156 creatures vanquished.

Notes
Turn   | Place    | Note
-------+----------+-------------------------------------------
     0 | D:1      | dialectric the Minotaur Fighter began the quest for the
                  | Orb.
     0 | D:1      | Reached XP level 1. HP: 19/19 MP: 0/0
   148 | D:1      | Reached XP level 2. HP: 27/27 MP: 1/1
   393 | D:1      | Reached skill level 4 in Armour
   786 | D:2      | Reached XP level 3. HP: 31/34 MP: 2/2
   957 | D:2      | Reached XP level 4. HP: 41/41 MP: 3/3
  1009 | D:2      | Reached skill level 1 in Dodging
  1481 | D:3      | Found a faded altar of an unknown god.
  1518 | D:3      | Prayed at the altar of an unknown god.
  1518 | D:3      | Became a worshipper of Elyvilon the Healer
  1518 | D:3      | Reached * piety under Elyvilon
  1867 | D:3      | Reached XP level 5. HP: 47/47 MP: 4/4
  2051 | D:4      | Reached skill level 5 in Armour
  2089 | D:4      | Reached ** piety under Elyvilon
  2264 | D:4      | Found a runed translucent door.
  2265 | D:4      | Noticed player's ghost (weakling DEHu)
  2290 | D:4      | Reached XP level 6. HP: 24/55 MP: 3/5
  2461 | D:4      | Reached skill level 5 in Fighting
  2700 | D:4      | Killed player's ghost
  2701 | D:4      | Reached skill level 5 in Maces & Flails
  2721 | D:5      | Entered Level 5 of the Dungeon
  2784 | D:5      | Found a staircase to the Ecumenical Temple.
  2792 | D:5      | Reached skill level 6 in Armour
  2792 | D:5      | Reached XP level 7. HP: 19/61 MP: 6/6
  2817 | D:5      | Found a glowing drain.
  2834 | Sewer    | Entered a sewer
  3875 | D:5      | Reached skill level 7 in Armour
  3917 | D:5      | Reached *** piety under Elyvilon
  4047 | D:5      | Reached XP level 8. HP: 70/70 MP: 7/7
  4617 | D:6      | Found a shadowy altar of Dithmenos.
  4839 | D:6      | Reached skill level 8 in Armour
  5033 | D:6      | Reached **** piety under Elyvilon
  5070 | D:7      | Noticed a troll
  5082 | D:7      | Killed a troll
  5083 | D:7      | Reached skill level 9 in Armour
  5553 | D:7      | Reached skill level 1 in Evocations
  5717 | D:7      | Found a burning altar of Makhleb.
  5718 | D:7      | Found a stormy altar of Qazlal.
  5759 | D:7      | Reached XP level 9. HP: 75/75 MP: 8/8
  5958 | D:8      | Reached ***** piety under Elyvilon
  5987 | D:8      | Reached skill level 10 in Armour
  6474 | D:8      | Found a flagged portal.
  6483 | Bailey   | Entered a bailey
  6592 | Bailey   | Reached skill level 11 in Armour
  6601 | Bailey   | Reached skill level 10 in Maces & Flails
  6614 | Bailey   | Found the +15 Maxwell's patent armour {-Cast -Tele rElec
                  | Will+ rCorr}
  6621 | Bailey   | Identified the +0 cloak of the Monkey's Uncle {rPois rCorr}
  6645 | Bailey   | Noticed an orc knight
  6647 | Bailey   | an orc knight changed into a death drake
  6647 | Bailey   | Noticed a death drake
  6662 | Bailey   | HP: 2/112 [death drake (5)]
  6663 | Bailey   | Elyvilon protects you from harm!
  6663 | Bailey   | Elyvilon protects you from harm!
  6664 | Bailey   | Killed a death drake
  6664 | Bailey   | Elyvilon protects you from harm!
  6664 | Bailey   | Succumbed to poison (dark miasma)

Illustrated notes

Levels and vault maps discovered:
D:1:      minmay_arrival_plants_in_alcoves, layout_loops_cross
D:2:      layout_loops_ring
D:3:      layout_basic, ebering_ecumenical_altar_hall
D:4:      layout_rooms, gammafunk_ghost_grave
D:5:      layout_basic, minmay_temple_entry_grid, gup_sewer_entry_pipe
D:6:      layout_gridville, nicolae_dithmenos_the_darkroom
D:7:      layout_basic, gammafunk_temple_overflow_statue
D:8:      layout_basic, nicolae_hepliaklqana_hazy_memory, enter_bailey_2,
          chequers_serial_rivers_micro_d
Bailey:   bailey_polearm_1, bailey

Skill      XL: |  1  2  3  4  5  6  7  8  9 |
---------------+----------------------------+-----
Fighting       | 4 5 6 |  6.2
Armour         | 4 5 6 7 9 11 | 11.0
Shields        | 4 |  4.1
Maces & Flails | 3 4 5 6 8 10 | 10.0
Dodging        | 1 2 3 4 |  4.1
Evocations     | 1 |  1.6

Action                     |  1- 3 |  4- 6 |  7- 9 || total
---------------------------+-------+-------+-------++-------
  Melee: Flail             |    67 |    99 |   316 ||   482
         Headbutt          |    11 |    19 |    57 ||    87
         Punch             |     1 |     2 |     4 ||     7
  Evoke: Wand              |       |     5 |    11 ||    16
    Use: Scroll            |       |     1 |     7 ||     8
         Potion            |       |     1 |     3 ||     4
 Armour: Scale mail        |    48 |    62 |   145 ||   255
         Chain mail        |       |       |    71 ||    71
         Steam dragon scal |       |       |    40 ||    40
         Plate armour      |       |       |    20 ||    20
  Dodge: Dodged            |    33 |    51 |   164 ||   248
